 Dungeon Crawl Stone Soup version 0.28.0-45-g0d030f2227 (webtiles) character file.

Game seed: 2868797428518347442

1124 nickcage the Slicer (level 8, -9/36 HPs)
             Began as a Spriggan Enchanter on Apr 4, 2022.
             Was an Initiate of Dithmenos.
             Mangled by a hornet zombie (11 damage)
             ... on level 5 of the Dungeon.
             The game lasted 00:25:28 (7917 turns).

nickcage the Slicer (Spriggan Enchanter)            Turns: 7917, Time: 00:25:29

Health: -9/36      AC:  8    Str:  4    XL:     8   Next: 13%
Magic:  13/13      EV: 17    Int: 17    God:    Dithmenos [......]
Gold:   247        SH:  0    Dex: 17    Spells: 6/12 levels left

rFire   . . .      SeeInvis +   q - +1 dagger (speed)
rCold   . . .      Faith    .   (no shield)
rNeg    . . .      Spirit   .   b - +0 robe
rPois   .          Reflect  .   y - +1 hat
rElec   .          Harm     .   w - +0 cloak
rCorr   .          Rampage  .   (gloves unavailable)
Will    +....                   (boots unavailable)
Stlth   +++.......              (no amulet)
HPRegen 0.12/turn               s - +4 ring of protection
MPRegen 0.13/turn               (no ring)

@: very quick
A: very small, no large weapons, unfitting armour, see invisible, speed 3
a: Renounce Religion


You were on level 5 of the Dungeon.
You worshipped Dithmenos.
Dithmenos was noncommittal.
You visited 1 branch of the dungeon, and saw 6 of its levels.

You collected 247 gold pieces.

Inventory:

Hand Weapons
 a - a +1 dagger
 q - a +1 dagger of speed (weapon)
 A - the +6 hand axe of the Beginning {pain, +Blink}
   (You found it on level 5 of the Dungeon)

   In the hands of one skilled in necromantic magic, it inflicts extra damage on
   living creatures.
   +Blink:    It lets you blink.
Missiles
 g - 4 poisoned darts
Armour
 b - a +0 robe (worn)
 w - a +0 cloak (worn)
 y - a +1 hat (worn)
Jewellery
 s - a +4 ring of protection (left hand)
Scrolls
 f - a scroll of vulnerability {unknown}
 i - a scroll of fog {unknown}
 j - 4 scrolls of identify {unknown}
 l - a scroll of acquirement {unknown}
 m - 2 scrolls of teleportation {unknown}
 n - a scroll of enchant armour {unknown}
 p - 2 scrolls of magic mapping {unknown}
 r - 4 scrolls of amnesia {unknown}
 t - a scroll of blinking {unknown}
 x - a scroll of noise {unknown}
Potions
 c - a potion of invisibility
 d - a potion of haste {unknown}
 e - a potion of magic {unknown}
 h - 2 potions of cancellation {unknown}
 k - a potion of ambrosia {unknown}
 o - a potion of curing {unknown}
 u - 2 potions of flight {unknown}
 v - 2 potions of lignification {unknown}
 z - a potion of heal wounds {unknown}


   Skills:
 * Level 9.5 Short Blades
 - Level 2.6 Dodging
 - Level 6.0 Stealth
 - Level 2.6 Spellcasting
 - Level 5.2 Hexes
 - Level 0.2 Ice Magic
 * Level 0.4 Poison Magic


You had 6 spell levels left.
You knew the following spells:

 Your Spells              Type           Power      Damage    Failure   Level
a - Ensorcelled Hibernat  Hex/Ice        22%        N/A       9%          2
b - Shock                 Conj/Air       8%         1d3       19%         1
c - Mephitic Cloud        Conj/Pois/Air  2%         N/A       45%         3

Your spell library contained the following spells:

 Spells                   Type           Power      Damage    Failure   Level
 Confusing Touch          Hex            19%        N/A       6%          3
 Tukima's Dance           Hex            19%        N/A       6%          3
 Freeze                   Ice            8%         1d3       17%         1
 Dazzling Flash           Conj/Hex       22%        N/A       19%         3
 Frozen Ramparts          Ice            4%         1d2       45%         3
 Ignite Poison            Fire/Tmut/Pois 2%         N/A       45%         3
 Ozocubu's Armour         Ice            2%         N/A       45%         3
 Stone Arrow              Conj/Erth      4%         3d7       47%         3
 Swiftness                Air            2%         N/A       47%         3
 Hailstorm                Conj/Ice       2%         3d3       86%         4
 Metabolic Englaciation   Hex/Ice        5%         N/A       86%         5
 Airstrike                Air            1%         N/A       87%         4
 Animate Armour           Summ/Erth      4%         N/A       87%         4
 Freezing Cloud           Conj/Ice/Air   1%         6-21      99%         5
 Simulacrum               Ice/Necr       1%         N/A       100%        6
 Lehudib's Crystal Spear  Conj/Erth      1%         10d2      100%        8
 Chain Lightning          Conj/Air       1%         3d1       100%        9
 Fire Storm               Conj/Fire      1%         7d1       100%        9
 Shatter                  Erth           1%         3d5*      100%        9


Dungeon Overview and Level Annotations

Branches:
Dungeon (6/15)
 Temple: D:4-7

Altars:
Dithmenos
Fedhas
Nemelex Xobeh
Wu Jian
Beogh

Shops:
D:6 =

Annotations:
D:4 1 runed translucent door, terff's ghost, amateur HOMo


Innate Abilities, Weirdness & Mutations

You are very small and have problems with some larger weapons.
You are too small for most types of armour.
You have supernaturally acute eyesight. (SInv)
You cover ground extremely quickly. (Speed+++)


Message History

You are too injured to fight recklessly!
You are too injured to fight recklessly!
You hit the hornet zombie.
The hornet zombie is almost destroyed.
You hit the hornet zombie but do no damage.
The hornet zombie is almost destroyed.
You barely miss the hornet zombie.
The hornet zombie is almost destroyed.
The hornet zombie hits you.
You hit the hornet zombie but do no damage.
The hornet zombie is almost destroyed.
You barely miss the hornet zombie.
You punch the hornet zombie, but do no damage.
The hornet zombie is almost destroyed.
The hornet zombie hits you!
* * * LOW HITPOINT WARNING * * *
You hit the hornet zombie.
The hornet zombie is almost destroyed.
You hit the hornet zombie but do no damage.
The hornet zombie is almost destroyed.
The hornet zombie barely misses you.
You barely miss the hornet zombie.
The hornet zombie is almost destroyed.
You closely miss the hornet zombie.
The hornet zombie is almost destroyed.
The hornet zombie barely misses you.
You hit the hornet zombie but do no damage.
The hornet zombie is almost destroyed.
You hit the hornet zombie but do no damage.
The hornet zombie is almost destroyed.
You barely miss the hornet zombie.
The hornet zombie is almost destroyed.
The hornet zombie hits you.
* * * LOW HITPOINT WARNING * * *
You hit the hornet zombie but do no damage.
The hornet zombie is almost destroyed.
You hit the hornet zombie.
The hornet zombie is almost destroyed.
The hornet zombie hits you!
You die...

.# #.# #.....## .# #.#
###..... .# #.# #.#.## .#
##.## #.#.# .# #...##
##.#.# .# #.###.##
######....# .# #.# ##.##
#.........# .# #.# ##.##
#.####...## #. #@.# ##.##
# #Z.# #.####.#.### #.#.#
#.....###...
#.##.#########.#.##. .<#
#.#..........###. . ###
##.#.########## #. .#
##....## #. ..
..#####.#....# #. ..##
#........#...###########.


You could see a hornet zombie.

Vanquished Creatures
  A water moccasin (D:3)
  2 necrophages
  5 scorpions
  A howler monkey (D:4)
  A bullfrog zombie (D:5)
  4 orc priests
  A hound (D:2)
  Crazy Yiuf (D:3)
  An iguana (D:5)
  3 orc wizards
  7 adders
  An ufetubus (D:4)
  An adder skeleton (D:4)
  A worm (D:2)
  3 dart slugs
  19 orcs
  3 ball pythons
  11 endoplasms
  4 giant cockroaches
  5 goblins
  8 hobgoblins
  7 jackals
  8 quokkas
  3 bats
  4 frilled lizards
  11 kobolds
  5 rats
121 creatures vanquished.

Vanquished Creatures (others)
  A fungus (D:3)
1 creature vanquished.

Grand Total: 122 creatures vanquished

Notes
Turn   | Place    | Note
-------+----------+-------------------------------------------
     0 | D:1      | nickcage the Spriggan Enchanter began the quest for the
                  | Orb.
     0 | D:1      | Reached XP level 1. HP: 9/9 MP: 5/5
    63 | D:1      | Reached XP level 2. HP: 6/13 MP: 6/6
    66 | D:1      | Learned a level 2 spell: Ensorcelled Hibernation
   990 | D:1      | Reached skill level 5 in Hexes
  1014 | D:1      | Reached XP level 3. HP: 7/16 MP: 1/8
  1488 | D:1      | Found a faded altar of an unknown god.
  1887 | D:1      | Learned a level 1 spell: Shock
  2026 | D:2      | Reached skill level 5 in Stealth
  2213 | D:2      | Reached XP level 4. HP: 21/21 MP: 6/9
  2292 | D:2      | Reached skill level 2 in Short Blades
  3216 | D:3      | You fall into a shaft and drop 3 floors!
  3247 | D:6      | Noticed a water moccasin
  3296 | D:6      | Noticed a black bear
  3371 | D:6      | Found Oleidd's Jewellery Emporium.
  3470 | D:5      | Entered Level 5 of the Dungeon
  3619 | D:4      | Noticed terff's ghost (amateur HOMo)
  3623 | D:4      | Found a runed translucent door.
  3625 | D:4      | Noticed a necrophage
  3898 | D:3      | Reached XP level 5. HP: 24/24 MP: 10/10
  3920 | D:3      | Reached skill level 3 in Short Blades
  4624 | D:3      | Reached skill level 4 in Short Blades
  4635 | D:3      | Reached XP level 6. HP: 27/28 MP: 3/11
  4969 | D:3      | Found a runed translucent door.
  4970 | D:3      | Noticed Crazy Yiuf
  4977 | D:3      | Killed Crazy Yiuf
  4978 | D:3      | Reached skill level 5 in Short Blades
  5135 | D:4      | Noticed a water moccasin
  5400 | D:3      | Killed a water moccasin
  5401 | D:3      | Reached skill level 6 in Short Blades
  5404 | D:3      | Reached skill level 7 in Short Blades
  5404 | D:3      | Reached XP level 7. HP: 16/32 MP: 7/12
  5958 | D:4      | Found an ornate altar of the Wu Jian Council.
  6186 | D:4      | Reached skill level 8 in Short Blades
  6528 | D:4      | Found a sparkling altar of Nemelex Xobeh.
  6529 | D:4      | Found a shadowy altar of Dithmenos.
  6530 | D:4      | Found a blossoming altar of Fedhas.
  6813 | D:4      | Became a worshipper of Dithmenos the Shadowed
  6916 | D:5      | Reached skill level 9 in Short Blades
  6992 | D:5      | Reached XP level 8. HP: 36/36 MP: 8/13
  7055 | D:5      | Identified the +6 hand axe of the Beginning {pain, +Blink}
  7196 | D:4      | Learned a level 3 spell: Mephitic Cloud
  7917 | D:5      | Mangled by a hornet zombie

Illustrated notes

Levels and vault maps discovered:
D:1:      amcnicky_arrival_choice, layout_basic, basic_ecumenical_altar,
          nicolae_concentric_dashed_squares_mild, minmay_tetromino_i2
D:2:      layout_loops_ring, minmay_quantized
D:3:      layout_rooms, kennysheep_orc_chapel, uniq_crazy_yiuf_cottage
D:4:      layout_basic, nicolae_overflow_hidden_temple, minitemple,
          hellmonk_ghost_happy_afterlife, cheibrodos_sewer_entry_drain,
          small_statue_intersection, grunt_decor_arrowhead,
          grunt_decor_one_mirror, minmay_misc_feat_ornament
D:5:      layout_loops_ring, minmay_temple_entry_butterflies
D:6:      layout_layer_cave, nicolae_inconvenience_store, uniq_eustachio,
          uniq_maggie

Skill      XL: |  1  2  3  4  5  6  7 |
---------------+----------------------+-----
Hexes          | 4 5 |  5.2
Stealth        | 5 6 |  6.0
Short Blades   | 2 4 7 9 |  9.5
Dodging        | |  2.6
Spellcasting   | |  2.6
Ice Magic      | |  0.2
Poison Magic   | |  0.4

Action                   |  1- 3 |  4- 6 |  7- 9 || total
-------------------------+-------+-------+-------++-------
Melee: Dagger            |    89 |   181 |   291 ||   561
       Punch             |       |     1 |     5 ||     6
Throw: Dart              |       |     4 |       ||     4
 Cast: Ensorcelled Hiber |    20 |    56 |    36 ||   112
       Shock             |       |     5 |     1 ||     6
  Use: Scroll            |       |     1 |       ||     1
 Stab: Sleeping          |    22 |    40 |    18 ||    80
Armor: Robe              |     2 |    20 |    31 ||    53
Dodge: Dodged            |    54 |   123 |   112 ||   289
